 Dungeon Crawl Stone Soup version 0.24.0-123-gd5b16e6ec5 (webtiles) character file.

Game seed: 8285450477222127869, levelgen mode: deterministic

15232 FishyPogo the Fighter (level 11, -1/105 HPs)
             Began as a Grey Draconian Berserker on Dec 22, 2019.
             Was a High Priest of Trog.
             Slain by a spriggan rider
             ... wielding a +0 spear
              (20 damage)
             ... on level 1 of the Lair of Beasts.
             The game lasted 00:49:23 (11951 turns).

FishyPogo the Fighter (Grey Draconian Berserker)   Turns: 11951, Time: 00:49:24

Health: -1/105     AC: 16    Str: 22    XL:     11   Next: 99%
Magic:  23/23      EV: 25    Int:  8    God:    Trog [*****.]
Gold:   287        SH:  8    Dex: 16    Spells: 10/10 levels left

rFire    . . .     SeeInvis .   a - +2 dagger (elec)
rCold    . . .     Gourm    .   f - +0 buckler
rNeg     . . .     Faith    .   (armour unavailable)
rPois    +         Spirit   .   H - +1 hat
rElec    .         Reflect  +   o - +0 cloak
rCorr    .         Harm     .   G - +0 pair of gloves
MR       +++..                  M - +0 pair of boots
Stlth    +.........             V - +3 amulet of reflection
HPRegen  1.27/turn              W - ring of attention
MPRegen  0.18/turn              Z - ring of Unad {rPois MR+ MP+9}

@: agile, berserk cooldown, regenerating
A: walk through water, unfitting armour, unbreathing, cold-blooded, AC +12
a: Berserk, Trog's Hand, Brothers in Arms, Renounce Religion


You were on level 1 of the Lair of Beasts.
You worshipped Trog.
Trog was extremely pleased with you.
You were very hungry.

You visited 2 branches of the dungeon, and saw 15 of its levels.

You collected 753 gold pieces.
You spent 466 gold pieces at shops.

Inventory:

Hand Weapons
 a - a +2 dagger of electrocution (weapon)
 b - a +2 hunting sling of flaming
Missiles
 c - 358 stones
 F - a throwing net
 I - 6 javelins
 J - 2 datura-tipped darts
 K - 11 boomerangs
 L - 55 sling bullets
 O - 12 silver boomerangs (quivered)
 Q - 12 poisoned darts
Armour
 f - a +0 buckler (worn)
 o - a +0 cloak (worn)
 G - a +0 pair of gloves (worn)
 H - a +1 hat (worn)
 M - a +0 pair of boots (worn)
Jewellery
 q - an uncursed ring of protection from magic
 y - an uncursed ring of fire
 P - a +3 ring of strength
 V - a +3 amulet of reflection (around neck)
 W - a ring of attention (left hand)
 Z - the ring of Unad (right hand) {rPois MR+ MP+9}
   (You found it on level 4 of the Dungeon)

   [ring of magical power]

   It protects you from poison.
   It affects your resistance to hostile enchantments.
   It affects your magic capacity (+9).
Wands
 u - a wand of paralysis (9)
 B - a wand of random effects (24)
 C - a wand of enslavement (13)
 E - a wand of flame (19)
 U - a wand of polymorph (5)
 X - a wand of digging (4)
Scrolls
 d - 4 scrolls of teleportation
 h - 2 scrolls of enchant weapon {unknown}
 k - 5 scrolls of remove curse
 l - 4 scrolls of immolation
 m - 9 scrolls of identify
 n - 4 scrolls of fog
 s - a scroll of random uselessness {unknown}
 v - 3 scrolls of magic mapping
 w - a scroll of vulnerability {unknown}
 A - a scroll of blinking
 N - a scroll of summoning {unknown}
 S - 2 scrolls of fear {unknown}
 T - a scroll of enchant armour {unknown}
Potions
 e - a potion of berserk rage
 g - 5 potions of curing
 i - a potion of magic {unknown}
 j - 2 potions of agility
 p - 2 potions of heal wounds
 r - 3 potions of mutation
 t - 5 potions of haste
 x - 6 potions of brilliance
 D - 2 potions of lignification {unknown}
 R - a potion of invisibility
Comestibles
 z - 25 rations


   Skills:
 + Level 12.6 Fighting
 - Level 6.0 Short Blades
 - Level 1.5(4.0) Slings
 - Level 5.9(6.0) Throwing
 + Level 10.7 Dodging
 - Level 5.0 Shields
 - Level 5.0 Evocations


You had 10 spell levels left.
You didn't know any spells.
Your spell library contained the following spells:

 Spells                   Type           Power        Failure   Level  Hunger
 Corona                   Hex            #......      41%         1    ##.....
 Magic Dart               Conj           #...         41%         1    ##.....
 Sandblast                Erth           #.....       41%         1    ##.....
 Ensorcelled Hibernation  Hex/Ice        #.....       54%         2    ###....
 Passwall                 Tmut/Erth      #.......     54%         2    ###....
 Searing Ray              Conj           #.....       54%         2    ###....
 Confuse                  Hex            #.......     78%         3    ####...
 Dazzling Spray           Conj/Hex       #.....       78%         3    ####...
 Stone Arrow              Conj/Erth      #.....       78%         3    ####...
 Tukima's Dance           Hex            #.......     78%         3    ####...
 Force Lance              Conj/Tloc      #.......     99%         4    #####..
 Fulminant Prism          Conj/Hex       #.........   99%         4    #####..
 Iskenderun's Mystic Bla  Conj           #.......     99%         4    #####..
 Petrify                  Tmut/Erth      #.......     99%         4    #####..
 Lee's Rapid Deconstruct  Erth           #.........   100%        5    ######.


Dungeon Overview and Level Annotations

Branches:
Dungeon (14/15)            Temple (0/1) D:5            Lair (1/6) D:9
    Orc (0/2) D:10
 Vaults: D:13-14

Altars:
Fedhas
Nemelex Xobeh
Okawaru
Sif Muna
Vehumet
Xom
Yredelemnul

Shops:
D:7 *}[[*   D:10 *![?

Annotations:
D:3 exclusion: oklob plant
D:8 3 runed translucent doors, FishyPogo's ghost, novice GnFE
D:12 1 runed translucent door, Qaky's ghost, journeyman HOFi
D:14 Rupert


Innate Abilities, Weirdness & Mutations

You can walk through water.
Your dull iron-grey scales are very hard. (AC +12)
You cannot fit into any form of body armour.
You can survive without breathing.
You are cold-blooded and may be slowed by cold attacks.


Message History

You feel yourself speed up. You block the spriggan rider's attack.
The bullfrog releases a deep croak.
You barely miss the spriggan rider.
The spriggan rider is heavily wounded.
The wolf pauses to sniff the ground.
The spriggan rider hits you with a +0 spear.
* * * LOW HITPOINT WARNING * * *
Okay, then.
You butcher the wolf corpse.
The spriggan rider completely misses you.
Eat one of 4 chunks of flesh? (ye/n/q)
You eat one of the 4 chunks of flesh.
This raw flesh tastes terrible.
You are feeling very hungry.
The spriggan rider completely misses you.
Your skin crawls.
You feel resistant to hostile enchantments.
You feel somewhat more hungry.
The spriggan rider hits you with a +0 spear!!
You die...

###.#...#.##..#####
##.#.#..#..........#
...................#
..................?.
.................#
.................##
..................#
........#.###..#.##
....#..##.# ####@#
..###..####


##ihHhl.. ### #.># hhhh... ##.. hhhh... .... hhhh.8. ..... hF..... .... .......
....8.. You could see a spriggan rider, a hippogriff, a basilisk, 15 wolves and
a bullfrog.

Vanquished Creatures
  2 hydras
  A two-headed ogre (D:12)
  Joseph (D:8)
  A gargoyle (D:12)
  2 trolls
  2 hippogriffs
  Sigmund (D:4)
  A vampire (D:12)
  17 yaks
  A wyvern (D:11)
  2 basilisks
  2 humans (D:7)
  2 water moccasins
  A porcupine (Lair:1)
  3 sky beasts
  3 ice beasts
  5 orc warriors
  An eye of draining (D:8)
  A necrophage (D:8)
  10 ogres
  3 phantoms
  2 black bears
  8 wolves (Lair:1)
  A centaur (D:8)
  3 big kobolds (D:9)
  10 bullfrogs
  A wyvern zombie (D:7)
  A wyvern skeleton (D:7)
  2 scorpions
  10 killer bees
  4 wights
  2 howler monkeys
  3 centaur zombies
  2 bullfrog zombies
  A quasit (D:6)
  4 crimson imps
  6 hounds
  A gnoll shaman (D:6)
  14 orc priests
  A bullfrog skeleton (D:9)
  12 orc wizards
  2 centaur skeletons
  9 jellies
  2 iguanas
  10 worker ants
  A killer bee zombie (D:5)
  A hound zombie (D:9)
  3 hound skeletons
  2 worker ant zombies
  14 adders
  13 gnolls
  4 shadow imps
  6 oozes
  An adder zombie (D:8)
  3 adder skeletons
  3 worms
  7 leopard geckos
  73 orcs
  8 giant cockroaches
  13 goblins
  9 hobgoblins
  20 jackals
  26 kobolds
  5 quokkas
  2 ball pythons
  12 bats
  15 frilled lizards
  3 leopard gecko skeletons
  A leopard gecko zombie (D:6)
  8 rats
  A spectral orc (D:4)
427 creatures vanquished.

Vanquished Creatures (collateral kills)
  Maurice (D:11)
  A worker ant (D:11)
2 creatures vanquished.

Vanquished Creatures (others)
  A centaur (D:11)
  3 fungi (D:8)
  A plant (D:8)
  17 toadstools (D:3)
22 creatures vanquished.

Grand Total: 451 creatures vanquished

Notes
Turn   | Place    | Note
-------+----------+-------------------------------------------
     0 | D:1      | FishyPogo the Draconian Berserker began the quest for the
                  | Orb.
     0 | D:1      | Reached XP level 1. HP: 19/19 MP: 1/1
   156 | D:1      | Reached XP level 2. HP: 23/26 MP: 2/2
   785 | D:2      | Found a shimmering altar of Xom.
   795 | D:2      | Reached XP level 3. HP: 33/33 MP: 3/3
   806 | D:2      | Reached skill level 1 in Shields
   843 | D:2      | Reached skill level 4 in Fighting
   978 | D:2      | Reached ** piety under Trog
  1047 | D:2      | Reached skill level 1 in Throwing
  1100 | D:2      | Reached XP level 4. HP: 30/40 MP: 4/4
  1195 | D:2      | Found a blossoming altar of Fedhas.
  1198 | D:2      | Found a shimmering blue altar of Sif Muna.
  1201 | D:2      | Found a sparkling altar of Nemelex Xobeh.
  1739 | D:3      | Reached XP level 5. HP: 41/46 MP: 5/5
  1743 | D:3      | Reached *** piety under Trog
  1893 | D:3      | Found a blossoming altar of Fedhas.
  1906 | D:3      | Noticed an oklob plant
  1996 | D:3      | Noticed a phantom
  2014 | D:3      | Killed a phantom
  2014 | D:3      | Reached XP level 6. HP: 52/52 MP: 6/6
  3017 | D:4      | Your scales start taking on a dull iron-grey colour.
  3017 | D:4      | Reached XP level 7. HP: 60/60 MP: 7/7
  3017 | D:4      | Gained mutation: You can survive without breathing. [Grey
                  | Draconian growth]
  3067 | D:4      | Found a basalt altar of Yredelemnul.
  3340 | D:4      | Reached skill level 5 in Shields
  3455 | D:4      | Noticed Sigmund
  3468 | D:4      | Killed Sigmund
  3468 | D:4      | Reached skill level 5 in Fighting
  3480 | D:4      | Got a coiled turquoise ring
  3481 | D:4      | Identified the ring of Unad {rPois MR+ MP+9} (You found it
                  | on level 4 of the Dungeon)
  3667 | D:5      | Entered Level 5 of the Dungeon
  3668 | D:5      | Reached skill level 5 in Short Blades
  3723 | D:5      | Reached **** piety under Trog
  3849 | D:5      | Reached XP level 8. HP: 69/69 MP: 8/8
  3851 | D:5      | Found a staircase to the Ecumenical Temple.
  4293 | D:5      | Reached skill level 6 in Fighting
  4816 | D:6      | Reached skill level 5 in Dodging
  5001 | D:6      | Reached skill level 7 in Fighting
  5079 | D:6      | Identified the cursed +1 leather armour "Lagoamm" {Str+4
                  | Slay+3}
  5170 | D:6      | Reached skill level 1 in Evocations
  5179 | D:6      | Reached XP level 9. HP: 64/80 MP: 10/10
  5451 | D:7      | Found Siew's General Store.
  5454 | D:7      | Bought a scroll of teleportation for 36 gold pieces
  5487 | D:7      | Reached ***** piety under Trog
  5545 | D:7      | Reached skill level 8 in Fighting
  5732 | D:7      | Found Dozxu's Gadget Emporium.
  5746 | D:7      | Found Ulameuh's Antique Armour Shop.
  5857 | D:7      | Found Oso Anyst's Armour Boutique.
  5858 | D:7      | Found Kaxuw's General Store.
  5879 | D:7      | Bought a +1 hat for 165 gold pieces
  5879 | D:7      | Bought a scroll of remove curse for 45 gold pieces
  6027 | D:7      | Found an iron altar of Okawaru.
  6276 | D:8      | Received a gift from Trog
  6425 | D:8      | Reached skill level 9 in Fighting
  6714 | D:8      | Reached XP level 10. HP: 91/91 MP: 13/13
  6732 | D:8      | Found a runed translucent gate.
  6732 | D:8      | Noticed FishyPogo's ghost (novice GnFE)
  6733 | D:8      | Found a runed translucent gate.
  6733 | D:8      | Found a runed translucent gate.
  6734 | D:8      | Identified the +3 short sword of Optimality {drain, rC+}
  6802 | D:8      | Reached skill level 5 in Evocations
  6849 | D:8      | Found a radiant altar of Vehumet.
  6954 | D:8      | Noticed Joseph
  6961 | D:8      | Killed Joseph
  7360 | D:7      | Bought a +2 hunting sling of flaming for 220 gold pieces
  7598 | D:9      | Found a staircase to the Lair.
  7673 | D:9      | Received a gift from Trog
  7687 | D:9      | Reached skill level 1 in Slings
  8010 | D:9      | Reached skill level 10 in Fighting
  8388 | D:10     | Entered Level 10 of the Dungeon
  8399 | D:10     | Found Beatron's Distillery.
  8403 | D:10     | Found Fuluaxza's Armour Shop.
  8421 | D:10     | Found Cyts's Assorted Antiques.
  8789 | D:10     | Found a staircase to the Orcish Mines.
  8926 | D:10     | Found Vyteifot's Magic Scroll Emporium.
  9206 | D:10     | Reached skill level 5 in Throwing
  9643 | D:11     | Reached XP level 11. HP: 101/101 MP: 14/14
  9741 | D:11     | Noticed Maurice
  9747 | D:11     | Killed Maurice
  9780 | D:11     | Noticed a six-headed hydra
  9796 | D:11     | Killed a six-headed hydra
  9796 | D:11     | Reached skill level 11 in Fighting
  9834 | D:11     | You fall into a shaft and drop 3 floors!
  9834 | D:14     | Noticed Rupert
  9950 | D:13     | Noticed a seven-headed hydra
  9968 | D:13     | Killed a seven-headed hydra
 10041 | D:13     | Found a frozen archway.
 10085 | D:13     | Received a gift from Trog
 10451 | D:11     | Got a smoking chain mail
 10524 | D:11     | Got a sparkling steel amulet
 10524 | D:11     | Identified the amulet of Miracles {RegenMP Stlth+} (You
                  | found it on level 11 of the Dungeon)
 11191 | D:12     | Reached skill level 10 in Dodging
 11268 | D:12     | Noticed a two-headed ogre
 11280 | D:12     | Killed a two-headed ogre
 11280 | D:12     | Reached skill level 12 in Fighting
 11365 | D:12     | Found a runed translucent door.
 11365 | D:12     | Noticed a brown ugly thing
 11365 | D:12     | Noticed Qaky's ghost (journeyman HOFi)
 11866 | Lair:1   | Entered Level 1 of the Lair of Beasts
 11898 | Lair:1   | Noticed a spriggan rider
 11951 | Lair:1   | Slain by a spriggan rider

Levels and vault maps discovered:
D:1:      dpeg_arrival_rhombus, layout_loops_ring
D:2:      layout_basic, nicolae_overflow_crystal_walls,
          grunt_temple_overflow_diamond, first_ration
D:3:      layout_loops_ring, wad_floor_pattern_untrapped, tgw_fedhas
D:4:      layout_loops_corners, yredelemnul_forgotten_temple_becter,
          uniq_sigmund
D:5:      layout_basic, minmay_temple_entry_slanted, minmay_lizard_king
D:6:      layout_cave_pools
D:7:      layout_rooms, serial_shops, shop_fountains, nicolae_shop_stone,
          nicolae_shop_behind_doors, shop, shop, okawaru_humans
D:8:      layout_loops_cross, vehumet_crystals, gammafunk_ghost_nasty_kobolds,
          uniq_joseph
D:9:      layout_gridville, dpeg_oklobed_lair, hangedman_little_slice_of_home,
          minmay_unpleasant_kobolds
D:10:     layout_long_grid, hiddenorc2_lemuel, serial_shops, shop_statue, shop,
          shop, shop
D:11:     minmay_general_purpose_star, layout_layer_cave, minivault_24,
          uniq_maurice
D:12:     layout_long_grid, ebering_ghost_inner_flame
D:13:     layout_loops_ring, david_vaults_5, portal_ice_cave_entry_pillars_2
D:14:     layout_basic, hangedman_glass_teeth, kennysheep_generic_room_13,
          uniq_rupert, uniq_azrael, uniq_nessos, uniq_roxanne
Lair:1:   layout_cave_shapes, grunt_forest_large_clearings, lemuel_fruit_tree

Skill      XL: |  1  2  3  4  5  6  7  8  9 10 11 |
---------------+----------------------------------+-----
Shields        | 1 2 4 5 |  5.0
Fighting       | 4 5 7 9 10 12 | 12.6
Dodging        | 3 4 6 7 9 10 | 10.7
Throwing       | 1 3 5 |  5.9
Short Blades   | 4 5 6 |  6.0
Evocations     | 1 4 5 |  5.0
Slings         | 1 |  1.5

Action                   |  1- 3 |  4- 6 |  7- 9 | 10-12 || total
-------------------------+-------+-------+-------+-------++-------
Melee: Short sword       |   117 |   211 |    41 |       ||   369
       Tailslap          |     9 |    21 |    75 |   106 ||   211
       Dagger            |       |       |   485 |   588 ||  1073
 Fire: Hunting sling     |       |       |       |   135 ||   135
Throw: Stone             |       |     2 |    27 |     2 ||    31
       Boomerang         |       |       |       |    19 ||    19
       Dart              |       |       |       |     5 ||     5
Invok: Berserk           |     1 |     8 |    11 |    16 ||    36
       Trog's Hand       |       |       |     1 |     1 ||     2
       Brothers in Arms  |       |       |       |     1 ||     1
  Use: Scroll            |       |       |       |    10 ||    10
       Potion            |       |       |       |     3 ||     3
 Stab: Sleeping          |       |     3 |       |       ||     3
       Distracted        |       |       |     1 |       ||     1
  Eat: Chunk             |     2 |    13 |    23 |    28 ||    66
       Ration            |       |       |       |     1 ||     1
Armor: Skin              |    39 |    57 |   129 |   149 ||   374
Dodge: Dodged            |    61 |    89 |   252 |   325 ||   727
Block: Buckler           |    11 |    34 |   102 |   147 ||   294
       Reflection        |       |       |       |     3 ||     3
